General information
- name: BNet
- type: Ladder 1vs1/FFA
- host: Battle.net
- saver: Plunderscore
map: PhantomGrove
- players: 2
- length: 19:08
- speed: Fast
- version: 1.21 W3XP
- replay type: Public
» download(57 KB)
Players
team 1 (loser)
kitka-pl (
purple | 49 APM | 932 actions | 19:06)
4 Blademaster
2 Wind Walk
2 Critical Strike
» actions
| Basic commands | 5 | |
| Build / train | 27 | |
| Enter build submenu | 19 | |
| Enter hero's abilities submenu | 4 | |
| Remove unit from queue | 1 | |
| Right click | 561 | |
| Select / deselect | 235 | |
| Use ability | 80 | |
932 total
» units
| Peon | 6 | |
| Grunt | 3 | |
| Demolisher | 1 | |
| Troll Batrider | 1 | |
| Raider | 3 | |
| Wind Rider | 1 | |
| Troll Headhunter/Berserker | 2 | |
17 total
» upgrades
» buildings
| Altar of Storms | 1 | |
| Orc Burrow | 6 | |
| Barracks | 1 | |
| Voodoo Lounge | 1 | |
| Stronghold | 1 | |
| War Mill | 2 | |
| Beastiary | 2 | |
| Watch Tower | 2 | |
| Great Hall | 1 | |
17 total
» build order
00:06 Altar of Storms
00:09 Orc Burrow
01:06 Barracks
01:29 Voodoo Lounge
02:24 Orc Burrow
03:32 Stronghold
04:05 War Mill
04:52 War Mill
06:08 Beastiary
06:09 Beastiary
06:53 Watch Tower
07:26 Orc Burrow
08:30 Orc Burrow
10:04 Orc Burrow
12:24 Great Hall
13:18 Watch Tower
18:44 Orc Burrow
» items
| Lesser Clarity Potion | 2 | |
| Healing Salve | 1 | |
3 total
team 2 (winner)
Plunderscore (
orange | 72 APM | 1386 actions | 19:08)
2 Blademaster
1 Wind Walk
1 Critical Strike
» actions
| Assign group hotkey | 10 | |
| Basic commands | 21 | |
| Build / train | 57 | |
| Enter build submenu | 21 | |
| Enter hero's abilities submenu | 2 | |
| Right click | 796 | |
| Select / deselect | 364 | |
| Select group hotkey | 43 | |
| Use ability | 72 | |
1386 total
» units
» upgrades
| Ranged Weapons | 3 | |
| Armor | 3 | |
| Reinforced Defenses | 1 | |
| Liquid Fire | 1 | |
8 total
» buildings
| Altar of Storms | 1 | |
| Orc Burrow | 4 | |
| Voodoo Lounge | 2 | |
| War Mill | 2 | |
| Stronghold | 1 | |
| Watch Tower | 5 | |
| Beastiary | 3 | |
| Fortress | 1 | |
19 total
» build order
00:06 Altar of Storms
00:21 Orc Burrow
00:38 Voodoo Lounge
01:22 Voodoo Lounge
01:31 War Mill
02:42 Stronghold
02:53 Orc Burrow
03:09 Watch Tower
03:39 Watch Tower
05:08 Beastiary
05:12 Beastiary
05:30 Fortress
05:41 Orc Burrow
05:44 Watch Tower
06:05 Beastiary
06:13 Watch Tower
06:25 War Mill
07:24 Watch Tower
09:06 Orc Burrow
» items
| Healing Salve | 4 | |
| Lesser Clarity Potion | 3 | |
| Orb of Lightning | 1 | |
| Potion of Mana | 1 | |
9 total
Chat log
(01:19 / All) kitka-pl: hello
(12:39 / All) kitka-pl: fucking newbie
(12:42 / All) Plunderscore: lol
(12:52 / All) kitka-pl: but i win
(12:54 / All) kitka-pl: ^^
(14:07 / All) kitka-pl: newbie
(15:04 / All) kitka-pl: fuck u fucking NEWBIE
(15:28 / All) kitka-pl: learn play motha fucka
(16:36 / All) kitka-pl: mother fucker newbie
(17:32 / All) kitka-pl: u are
(17:33 / All) kitka-pl: fucing
(17:35 / All) kitka-pl: mother fucker
(17:36 / All) kitka-pl: newbie